 Dungeon Crawl Stone Soup version 0.22.1-1-ga44c0e56f4 (webtiles) character file.

98 Ihlosi the Slasher (level 5, 0/41 HPs)
             Began as a Human Gladiator on Nov 8, 2018.
             Killed by divine providence
             ... invoked by an orc priest
              (13 damage)
             ... on level 3 of the Dungeon.
             The game lasted 00:05:57 (2590 turns).

Ihlosi the Slasher (Human Gladiator)                Turns: 2590, Time: 00:05:58

Health: 0/41       AC:  4    Str: 18    XL:     5   Next: 0%
Magic:  5/5        EV: 13    Int:  8    God:
Gold:   151        SH:  0    Dex: 16    Spells: 4/4 levels left

rFire    . . .     SeeInvis .   a - +0 long sword
rCold    . . .     Gourm    .   (no shield)
rNeg     . . .     Faith    .   b - +0 leather armour
rPois    .         Spirit   .   c - +0 helmet
rElec    .         Reflect  .   (no cloak)
rCorr    .         Harm     .   (no gloves)
MR       .....                  (no boots)
Stlth    ++........             (no amulet)
HPRegen  0.13/turn              m - +4 ring of strength
MPRegen  0.09/turn              t - ring of wizardry

@: no status effects
A: no striking features
a: no special abilities


You were on level 3 of the Dungeon.
You were hungry.

You visited 1 branch of the dungeon, and saw 3 of its levels.

You collected 151 gold pieces.

Inventory:

Hand Weapons
 a - a +0 long sword (weapon)
Missiles
 d - 3 throwing nets (quivered)
 k - 112 arrows
Armour
 b - a +0 leather armour (worn)
 c - a +0 helmet (worn)
 l - a +0 chain mail
Jewellery
 m - a +4 ring of strength (left hand)
 p - an uncursed ring of wizardry
 t - a ring of wizardry (right hand)
Wands
 q - a wand of flame (21)
Scrolls
 e - 3 scrolls of amnesia
 g - 2 scrolls of remove curse
 h - 2 scrolls of fog {unknown}
 i - 2 scrolls of enchant weapon {unknown}
 o - a scroll of teleportation {unknown}
 s - a scroll of identify {unknown}
 u - a scroll of enchant armour {unknown}
 v - a scroll of noise {unknown}
Potions
 j - 2 potions of mutation {unknown}
 n - a potion of invisibility {unknown}
 r - 2 potions of berserk rage {unknown}
 w - a potion of flight {unknown}
Comestibles
 f - 6 rations


   Skills:
 * Level 3.0 Fighting
 + Level 4.3 Long Blades
 - Level 2.0 Throwing
 - Level 1.0 Armour
 - Level 3.0 Dodging
 - Level 1.0 Stealth


You had 4 spell levels left.
You didn't know any spells.
Your spell library was empty.

Dungeon Overview and Level Annotations

Branches:
Dungeon (3/15)

Altars:
Elyvilon
Trog


Message History

The orc hits you.
You closely miss the orc.
The orc is heavily wounded.
The orc misses you. The orc priest hits you with a trident!
* * * LOW HITPOINT WARNING * * *
The orc barely misses you.
You barely miss the orc.
The orc is heavily wounded.
The orc priest calls upon Beogh to heal the orc.
The orc's wounds heal themselves!
The orc barely misses you.
You riposte.
You barely miss the orc.
The orc priest hits you but does no damage.
You slash the orc!
You kill the orc!
Your Fighting skill increases to level 3!
You have reached level 5!
The orc priest casts a cantrip, but nothing happens.
The orc priest invokes the aid of Beogh against you.
Beogh smites you!
You die...

#.....##......# #.....##.#.##.# #
####.....##.#....# ##.
.........##......## #..
####.....##.<.....# #.# #
#.....##.......# #.# .###
......##.......# #.# ###...#
##.#.....###......# #.# ###......
#..########.....@.###.###...###..
#.# #.......l.............#
#.#########.......o##.....#######
#.........##.......##..####
#....>....##.......##..#
#.........##....#......#
#...)...†...............
............#.#.#.....###
...........##..........


You could see an orc priest and a frilled lizard.

Vanquished Creatures
  2 adders (D:2)
  2 oozes
  3 worms (D:2)
  2 dart slugs
  6 leopard geckos
  An orc (D:3)
  3 giant cockroaches
  2 hobgoblins
  2 jackals (D:1)
  A quokka (D:2)
  2 ball pythons
  5 bats
  2 frilled lizards
  6 goblins
  7 kobolds
  9 rats
55 creatures vanquished.

Notes
Turn   | Place    | Note
-------+----------+-------------------------------------------
     0 | D:1      | Ihlosi the Human Gladiator began the quest for the Orb.
     0 | D:1      | Reached XP level 1. HP: 16/16 MP: 1/1
   233 | D:1      | Reached XP level 2. HP: 22/22 MP: 2/2
   291 | D:1      | Reached skill level 1 in Stealth
   541 | D:1      | Reached XP level 3. HP: 21/27 MP: 3/3
  1399 | D:2      | Reached skill level 1 in Armour
  1399 | D:2      | Reached XP level 4. HP: 34/34 MP: 4/4
  1405 | D:2      | Reached skill level 4 in Long Blades
  2166 | D:2      | Found a white marble altar of Elyvilon.
  2504 | D:3      | Found a bloodstained altar of Trog.
  2589 | D:3      | Reached XP level 5. HP: 12/41 MP: 5/5
  2590 | D:3      | Killed from afar by an orc priest

Skill      XL: |  1  2  3  4 |
---------------+-------------+-----
Stealth        | 1 |  1.0
Armour         | 1 |  1.0
Long Blades    | 4 |  4.3
Fighting       | 3 |  3.0
Throwing       | |  2.0
Dodging        | |  3.0

Action                   |  1- 3 |  4- 6 || total
-------------------------+-------+-------++-------
Melee: Long sword        |    93 |    62 ||   155
  Use: Scroll            |       |     2 ||     2
 Stab: Sleeping          |     2 |     1 ||     3
  Eat: Chunk             |     1 |     4 ||     5
Armor: Leather armour    |    23 |    11 ||    34
Dodge: Dodged            |    82 |    41 ||   123
       Rpst.: Long sword |    27 |    20 ||    47
